AoeStats
← carloscanon98

Arena

510081260Analyzed
2v2 RM · 1d ago on Sep 29, 2026· 20m 25s· 4 players
Game mode
Random Map
Map size
Medium (4 player)
Population
200
Speed
Normal
Resources
Standard
Victory
Conquest
Starting age
Dark Age
Ending age
Imperial Age
RankedLock teamsTeams togetherTeam positionsShared explorationLock speedFull tech treeHidden civsTurbo modeCheats
Victory
Defeat
🇩🇪 Teutons · Germany
722
+10
🇨🇴 Goths · Colombia
654
+13
🇨🇳 Persians · China
686
-15
480
-8
carloscanon98
5:03 Loom
22:09 Feudal Age
King Kong
8:13 Loom
10:19 Feudal Age
16:33 Double-Bit Axe
16:51 Horse Collar
Gatherer
11:36 Feudal Age
12:42 Horse Collar
12:47 Double-Bit Axe
15:13 Castle Age
15:57 Bow Saw
15:51 Heavy Plow
18:18 Wheelbarrow
MyGO!!!!! Dr. Shiina Taki
12:08 Feudal Age
12:03 Loom
15:41 Castle Age
16:59 Double-Bit Axe
17:36 Horse Collar
18:20 Heavy Plow
20:04 Scale Mail Armor
Connection lost

Rejoining the realm…

Still unreachable

The connection could not be restored.

Session expired

The server has moved on; the page needs a fresh start.